 Dungeon Crawl Stone Soup version 0.24-a0-170-gd8427f5 (webtiles) character file.

Game seed: 18306609041987914787

68 Dfrag the Ruffian (level 4, -1/35 HPs)
             Began as a Centaur Transmuter on Mar 9, 2019.
             Slain by a gnoll
             ... wielding a +0 spear
              (7 damage)
             ... on level 3 of the Dungeon.
             The game lasted 00:01:45 (1780 turns).

Dfrag the Ruffian (Centaur Transmuter)              Turns: 1780, Time: 00:01:45

Health: -1/35      AC:  4    Str: 13    XL:     4   Next: 1%
Magic:  7/7        EV:  9    Int: 12    God:
Gold:   134        SH:  0    Dex: 10    Spells: 6/7 levels left

rFire    . . .     SeeInvis .   g - +4 spear (pain)
rCold    + . .     Gourm    .   (no shield)
rNeg     . . .     Faith    .   b - +0 robe
rPois    .         Spirit   .   (no helmet)
rElec    .         Reflect  .   (no cloak)
rCorr    .         Harm     .   (no gloves)
MR       .....                  (no barding)
Stlth    ..........             m - amulet of inaccuracy (curse)
HPRegen  0.11/turn              l - ring of protection from cold
MPRegen  0.10/turn              c - +2 ring of slaying

@: confused, very quick
A: large, hooves 3, deformed body, speed 2, tough skin 3
a: no special abilities


You were on level 3 of the Dungeon.
You were hungry.

You visited 1 branch of the dungeon, and saw 3 of its levels.

You collected 134 gold pieces.

Inventory:

Hand Weapons
 g - a +4 spear of pain (weapon)
Missiles
 a - 12 arrows
Armour
 b - a +0 robe (worn)
Jewellery
 c - a +2 ring of slaying (right hand)
 l - a ring of protection from cold (left hand)
 m - a cursed amulet of inaccuracy (around neck)
Wands
 o - a wand of flame (20)
Scrolls
 e - a scroll of identify
 h - 2 scrolls of teleportation
 i - a scroll of blinking
 k - 2 scrolls of enchant armour {unknown}
Potions
 f - a potion of berserk rage {unknown}
 j - 2 potions of curing {unknown}
 n - a potion of flight {unknown}
Comestibles
 d - 5 rations


   Skills:
 - Level 1.2 Fighting
 - Level 1.3 Dodging
 + Level 3.5 Unarmed Combat
 + Level 2.2 Spellcasting
 + Level 2.7 Transmutations


You had 6 spell levels left.
You knew the following spells:

 Your Spells              Type           Power        Failure   Level  Hunger
a - Beastly Appendage     Tmut           #.....       9%          1    ##.....

Your spell library contained the following spells:

 Spells                   Type           Power        Failure   Level  Hunger
 Sticks to Snakes         Tmut           #.......     13%         2    ###....
 Spider Form              Tmut/Pois      #.........   41%         3    ####...
 Ice Form                 Ice/Tmut       #.......     83%         4    #####..
 Blade Hands              Tmut           #.........   94%         5    ######.


Dungeon Overview and Level Annotations

Branches:
Dungeon (3/15)

Altars:


Innate Abilities, Weirdness & Mutations

You have hooves in place of feet.
Armour fits poorly on your strangely shaped body.
You cover ground very quickly.
You have extremely tough skin. (AC +3)


Message History

The gnoll hits you from afar with a +0 spear.
The gnoll hits you.
You bump into the rock wall.
The gnoll barely misses you.
The gnoll zaps a wand.
Your will is overpowered!
You are more confused.
You bump into the rock wall.
The gnoll closely misses you. The gnoll completely misses you.
You miss the gnoll.
The gnoll is heavily wounded.
The gnoll barely misses you. x2
You bump into the rock wall.
The gnoll barely misses you. The gnoll hits you but does no damage.
You bump into the rock wall.
The gnoll closely misses you. The gnoll hits you.
You bump into the rock wall.
The gnoll hits you from afar with a +0 spear.
The gnoll hits you!
* * * LOW HITPOINT WARNING * * *
You bump into the rock wall.
The gnoll hits you from afar with a +0 spear!
You die...

# ######.#.###
#...@gg....#
#######.####.#####
..........# ...
########..##.###
#[.....#
########......#
#.............#
#.######.....)#
##)##.##


You could see 2 gnolls.

Vanquished Creatures
  A gnoll (D:3)
  An adder (D:2)
  2 dart slugs
  A ball python (D:1)
  A giant cockroach (D:1)
  4 goblins
  8 hobgoblins
  5 jackals
  5 bats
  4 frilled lizards
  4 kobolds
  8 rats
44 creatures vanquished.

Notes
Turn   | Place    | Note
-------+----------+-------------------------------------------
     0 | D:1      | Dfrag the Centaur Transmuter began the quest for the Orb.
     0 | D:1      | Reached XP level 1. HP: 16/16 MP: 3/3
   103 | D:1      | Reached XP level 2. HP: 14/23 MP: 4/4
   505 | D:1      | You fall through a shaft!
   542 | D:2      | Reached XP level 3. HP: 23/28 MP: 6/6
  1276 | D:2      | Found a faded altar of an unknown god.
  1770 | D:3      | Reached XP level 4. HP: 21/35 MP: 7/7
  1780 | D:3      | Slain by a gnoll

Levels and vault maps discovered:
D:1:      minmay_arrival_solitary_statue, layout_loops_cross, minmay_box_of_dots
D:2:      layout_basic, chequers_ecumenical_altar_grove, first_ration
D:3:      layout_basic, nicolae_overflow_crystal_walls, uniq_terence, uniq_ijyb

Skill      XL: |  1  2 |
---------------+-------+-----
Transmutations | 2 |  2.7
Spellcasting   | 2 |  2.2
Fighting       | |  1.2
Dodging        | |  1.3
Unarmed Combat | |  3.5

Action                   |  1- 3 |  4- 6 || total
-------------------------+-------+-------++-------
Melee: Unarmed           |    22 |       ||    22
       Spear             |   121 |     1 ||   122
       Kick              |     7 |       ||     7
       Punch             |     1 |       ||     1
  Use: Scroll            |     3 |       ||     3
  Eat: Chunk             |     1 |       ||     1
Armor: Robe              |    62 |     1 ||    63
Dodge: Dodged            |    63 |     8 ||    71

Table legend:
 A = Non-vault XP
 B = Vault XP
 C = Vault XP percentage of total XP
 D = Non-vault monster count
 E = Vault monster count
 F = Vault count percentage of total count
                 A         B        C        D         E       F
            +---------+---------+-------+---------+---------+-------
      Total |      91 |       7 |   7.1 |      40 |       4 |   9.1
            +---------+---------+-------+---------+---------+-------
        D:1 |      36 |       7 |  16.3 |      21 |       4 |  16.0
        D:2 |      38 |       0 |   0.0 |      16 |       0 |   0.0
        D:3 |      17 |       0 |   0.0 |       3 |       0 |   0.0
            +---------+---------+-------+---------+---------+-------
